 Dungeon Crawl Stone Soup version 0.23.1 (webtiles) character file.

Game seed: 16989215148747659617

143 Gargoyl the Skirmisher (level 5, -2/46 HPs)
             Began as a Centaur Abyssal Knight on Mar 12, 2019.
             Was a Believer of Lugonu.
             Killed by divine providence
             ... invoked by an orc priest
              (10 damage)
             ... on level 4 of the Dungeon.
             The game lasted 00:03:44 (3318 turns).

Gargoyl the Skirmisher (Centaur Abyssal Knight)     Turns: 3318, Time: 00:03:44

Health: -2/46      AC: 15    Str: 13 (15) XL:     5   Next: 4%
Magic:  7/7        EV: -1    Int: 15 (16) God:    Lugonu [**....]
Gold:   149        SH:  6    Dex:  9      Spells: 4/4 levels left

rFire    . . .     SeeInvis .   a - +1 hand axe
rCold    . . .     Gourm    .   h - +0 shield
rNeg     . . .     Faith    .   n - +3 plate armour
rPois    .         Spirit   .   l - +0 helmet
rElec    .         Reflect  .   (no cloak)
rCorr    .         Harm     .   d - +1 pair of gloves
MR       .....                  (no barding)
Stlth    ..........             (no amulet)
HPRegen  0.15/turn              (no ring)
MPRegen  0.10/turn              (no ring)

@: brilliant, very quick
A: large, hooves 3, deformed body, speed 2, tough skin 3
a: Depart the Abyss, Bend Space, Renounce Religion


You were on level 4 of the Dungeon.
You worshipped Lugonu.
Lugonu was pleased with you.
You were hungry.

You visited 1 branch of the dungeon, and saw 4 of its levels.
You visited the Abyss 1 time.

You collected 149 gold pieces.

Inventory:

Hand Weapons
 a - a +1 hand axe (weapon)
Armour
 d - a +1 pair of gloves (worn)
 h - a +0 shield (worn)
 l - a +0 helmet (worn)
 n - a +3 plate armour (worn)
Jewellery
 b - a +2 ring of intelligence {unknown}
Scrolls
 f - 2 scrolls of teleportation
 m - 4 scrolls of identify
Potions
 e - a potion of degeneration
 i - a potion of cancellation {unknown}
 j - a potion of brilliance
 k - a potion of invisibility {unknown}
 p - a potion of agility {unknown}
Comestibles
 c - 5 rations


   Skills:
 + Level 3.7 Fighting
 + Level 2.6 Axes
 * Level 2.1 Armour
 * Level 1.7 Dodging
 * Level 2.7 Invocations


You had 4 spell levels left.
You didn't know any spells.
Your spell library was empty.

Dungeon Overview and Level Annotations

Branches:
Dungeon (4/15)
 Temple: D:4-7

Altars:
Dithmenos
Nemelex Xobeh
Okawaru
Ru
Sif Muna
Uskayaw


Innate Abilities, Weirdness & Mutations

You have hooves in place of feet.
Armour fits poorly on your strangely shaped body.
You cover ground very quickly.
You have extremely tough skin. (AC +3)


Message History

You barely miss the orc priest.
The orc priest casts a cantrip, but nothing happens.
Your shield and plate armour prevent you from hitting the orc priest.
You are feeling hungry.
The orc priest looks braver for a moment.
The orc priest hits you but does no damage.
Your plate armour prevents you from hitting the orc priest.
The orc wizard gestures wildly while chanting.
The orc wizard blinks!
The orc priest mumbles some strange prayers to Beogh against you.
Pain shoots through your body!
* * * LOW HITPOINT WARNING * * *
Unknown command.
You feel better. You block the orc priest's attack.
Okay, then.
It was a potion of brilliance.
You feel clever all of a sudden.
The orc priest mumbles some strange prayers to Beogh against you.
Beogh smites you!
You die...

#.#.########
...o.lo@...#####
#..#######.#<..#
#.###.# #.###.#
#.....# #######


You could see an orc priest, an orc wizard and a frilled lizard.

Vanquished Creatures
  An orc priest (D:3)
  Robin (D:2)
  An adder (D:2)
  An ooze (D:1)
  2 dart slugs
  3 leopard geckos
  14 orcs
  4 giant cockroaches (D:2)
  A hobgoblin (D:2)
  3 jackals (D:2)
  5 kobolds
  A quokka (D:3)
  6 bats
  16 goblins
  3 rats
62 creatures vanquished.

Notes
Turn   | Place    | Note
-------+----------+-------------------------------------------
     0 | Abyss:1  | Gargoyl the Centaur Abyssal Knight began the quest for the
                  | Orb.
     0 | Abyss:1  | Reached XP level 1. HP: 19/19 MP: 2/2
    37 | Abyss:1  | Noticed a flying skull
    41 | Abyss:1  | Noticed a flying skull
    41 | Abyss:1  | Noticed a flying skull
    42 | Abyss:1  | Noticed a flying skull
    49 | D:1      | Escaped the Abyss
   285 | D:1      | Reached * piety under Lugonu
   331 | D:1      | Reached XP level 2. HP: 26/26 MP: 3/3
   733 | D:2      | Found a shadowy altar of Dithmenos.
   759 | D:2      | Found a sacrificial altar of Ru.
  1154 | D:2      | Reached skill level 1 in Dodging
  1250 | D:2      | Reached XP level 3. HP: 31/31 MP: 4/4
  1293 | D:2      | Noticed Robin
  1323 | D:2      | Killed Robin
  1555 | D:2      | Reached XP level 4. HP: 39/39 MP: 5/5
  1899 | D:2      | Reached ** piety under Lugonu
  2138 | D:3      | Found a deep blue altar of Sif Muna.
  2856 | D:3      | Found an iron altar of Okawaru.
  2859 | D:3      | Reached XP level 5. HP: 46/46 MP: 7/7
  3088 | D:3      | Found a hide-covered altar of Uskayaw.
  3088 | D:3      | Found a sparkling altar of Nemelex Xobeh.
  3316 | D:4      | HP: 2/46 [orc priest/nerve-wracking pain (13)]
  3318 | D:4      | Killed from afar by an orc priest

Skill      XL: |  1  2  3  4 |
---------------+-------------+-----
Axes           | 2 |  2.6
Dodging        | 1 |  1.7
Armour         | 2 |  2.1
Fighting       | |  3.7
Invocations    | |  2.7

Action                   |  1- 3 |  4- 6 || total
-------------------------+-------+-------++-------
Melee: Hand axe          |   105 |    86 ||   191
       Kick              |    16 |    13 ||    29
Invok: Depart the Abyss  |     1 |       ||     1
  Use: Scroll            |     5 |     3 ||     8
       Potion            |     3 |     3 ||     6
  Eat: Chunk             |       |     5 ||     5
Armor: Leather armour    |    71 |     5 ||    76
       Plate armour      |       |    55 ||    55
       Skin              |       |    14 ||    14
Dodge: Dodged            |    76 |     8 ||    84
Block: Shield            |       |    12 ||    12
